 Dungeon Crawl Stone Soup version 0.31.0-12-g77e489cdc1 (webtiles) character file.

Game seed: 10463638994252746392

132 lordive the Ruffian (level 5, -4/33 HPs)
             Began as an Octopode Shapeshifter on Feb 29, 2024.
             Slain by a gnoll
             ... wielding a +0 spear
              (9 damage)
             ... on level 4 of the Dungeon.
             The game lasted 00:03:13 (2035 turns).

lordive the Ruffian (Octopode Shapeshifter)         Turns: 2035, Time: 00:03:13

Health: -4/33      AC:  1    Str: 14    XL:     5   Next: 15%
Magic:  5/5        EV: 13    Int: 18    God:
Gold:   189        SH:  0    Dex: 13    Spells: 4/4 levels left

rFire   + .          .
                       - Unarmed
rCold   . . .        (no shield)
rNeg    . . .        (helmet currently unavailable)
rPois   .            (no amulet)
rElec   .            g - +6 ring of intelligence
rCorr   +            j - ring of protection from fire
SInv    .            m - ring of resist corrosion
Will    .....        (no ring)
Stlth   ++           (no ring)
HPRegen 0.25/turn    (no ring)
MPRegen 0.09/turn    (no ring)
                     (no ring)

%: no passive effects
@: beast-form
A: beast (slay +2), almost no armour, amphibious, 8 rings, camouflage 1,
gelatinous body 1, (nimble swimmer 1), tentacles
a: Begin Untransformation


You were on level 4 of the Dungeon.
You were a hulking beast.
You visited 1 branch of the dungeon, and saw 4 of its levels.

You collected 189 gold pieces.

Inventory:

Jewellery
 g - a +6 ring of intelligence (left tentacle)
 j - a ring of protection from fire (right tentacle)
 m - a ring of resist corrosion (on tentacle)
Talismans
 b - a beast talisman (active)
 c - a flux talisman
Wands
 o - a wand of polymorph (9)
 p - a wand of paralysis (12)
Scrolls
 f - a scroll of vulnerability {unknown}
 h - a scroll of teleportation {unknown}
 i - a scroll of enchant weapon {unknown}
 k - a scroll of fog {unknown}
 l - a scroll of identify {unknown}
Potions
 a - a potion of lignification
 d - 3 potions of attraction {unknown}
 e - a potion of heal wounds {unknown}
 n - a potion of enlightenment {unknown}


   Skills:
 + Level 1.2 Fighting
 + Level 2.4 Dodging
 + Level 4.4 Unarmed Combat
 * Level 4.1 Shapeshifting


You had 4 spell levels left.
You didn't know any spells.
Your spell library was empty.

Dungeon Overview and Level Annotations

Branches:
Dungeon (4/15)
 Temple: D:4-7

Altars:

Shops:
D:2 [


Innate Abilities, Weirdness & Mutations

You are a hulking beast.
Your limbs bulge with bestial killing power. (Slay +2)
You cannot wear most types of armour.
You are amphibious.
You can wear up to eight rings at the same time.
Your skin changes colour to match your surroundings (Stealth+).
Your rubbery body absorbs attacks. (AC +1, EV +1)
((You are camouflaged when in or above water. (Stealth+)))
You have tentacles for arms and can constrict up to eight enemies at once.


Message History

You tentacle-slap the gnoll. Your grab misses the gnoll.
The gnoll is lightly wounded.
The gnoll hits you with a +0 spear.
You closely miss the gnoll. You grab the gnoll.
The gnoll is lightly wounded.
You constrict the gnoll.
You lose your grip on the gnoll.
You tentacle-slap the gnoll. You grab the gnoll.
The gnoll is moderately wounded.
You constrict the gnoll.
The gnoll hits you from afar with a +0 spear.
You tentacle-slap the gnoll but do no damage.
The gnoll is moderately wounded.
You constrict the gnoll. The gnoll closely misses you.
The gnoll hits you from afar with a +0 spear!
You are too injured to fight recklessly!
You are too injured to fight recklessly!
You are too injured to fight recklessly!
You are too injured to fight recklessly!
You are too injured to fight recklessly!
You are too injured to fight recklessly!
You are too injured to fight recklessly!
You are too injured to fight recklessly!
You are too injured to fight recklessly!
You are too injured to fight recklessly!
You are too injured to fight recklessly!
You are too injured to fight recklessly!
You are too injured to fight recklessly!
You are too injured to fight recklessly!
You tentacle-slap the gnoll. You squeeze the gnoll.
You kill the gnoll!
An ogre comes into view. It is wielding a +0 giant club.
The gnoll hits you from afar with a +0 spear!
* * * LOW HITPOINT WARNING * * *
The gnoll attacks as it pursues you!
The gnoll hits you from afar with a +0 spear.
* * * LOW HITPOINT WARNING * * *
The gnoll attacks as it pursues you! The gnoll closely misses you.
The gnoll attacks as it pursues you!
The gnoll hits you from afar with a +0 spear!
You die...

#.# #.# #)#
#g# #S# #.#
#g# #.# #h#
#.# #.#
#.##########
#..........#
##########.#
#.# #.# #.#


You could see 2 gnolls and a ball python.

Vanquished Creatures
  A bombardier beetle (D:3)
  A gnoll (D:4)
  4 adders
  8 bats
  3 endoplasms
  2 giant cockroaches (D:1)
  2 goblins
  5 hobgoblins
  4 jackals (D:1)
  4 quokkas
  5 ball pythons
  2 frilled lizards
  6 kobolds
  5 rats
52 creatures vanquished.

Notes
Turn   | Place    | Note
-------+----------+-------------------------------------------
     0 | D:1      | lordive the Octopode Shapeshifter began the quest for the
                  | Orb.
     0 | D:1      | Reached XP level 1. HP: 13/13 MP: 1/1
    88 | D:1      | Reached XP level 2. HP: 8/18 MP: 2/2
   467 | D:1      | Reached XP level 3. HP: 23/23 MP: 3/3
  1073 | D:2      | Found Fejoxaog's Antique Armour Emporium.
  1194 | D:2      | Reached XP level 4. HP: 25/28 MP: 4/4
  1891 | D:3      | Reached XP level 5. HP: 33/33 MP: 5/5
  2030 | D:4      | Noticed an ogre
  2035 | D:4      | Slain by a gnoll

Illustrated notes

Levels and vault maps discovered:
D:1:      dpeg_arrival_rhombi, layout_loops_ring
D:2:      layout_loops_corners, serial_shops, nicolae_shop_tiny_statue_garden
D:3:      layout_rooms
D:4:      layout_basic, demons_altar

Skill      XL: |  1  2  3  4 |
---------------+-------------+-----
Unarmed Combat | 4 |  4.4
Shapeshifting  | 4 |  4.1
Fighting       | |  1.2
Dodging        | |  2.4

Action                     |  1- 3 |  4- 6 || total
---------------------------+-------+-------++-------
  Melee: Unarmed           |    67 |    33 ||   100
         Constrict         |    11 |    10 ||    21
         Tentacles         |     6 |     8 ||    14
         Punch             |     1 |     1 ||     2
Ability: Begin Untransform |     1 |       ||     1
   Stab: Sleeping          |     5 |     4 ||     9
 Armour: Skin              |    25 |    15 ||    40
  Dodge: Dodged            |    45 |    15 ||    60
   Form: Beast             |     1 |       ||     1
